[Event "WYCC U16 Girls 2019"]
[Site "Mumbai"]
[Date "2019.10.02"]
[Round "1.2"]
[White "Poorna Sri M.K"]
[Black "Beydullayeva, Govhar"]
[Result "0-1"]
[ECO "B90"]
[WhiteElo "1787"]
[BlackElo "2289"]
[Annotator "NA"]
[PlyCount "110"]
[EventDate "2019.10.02"]
[EventType "swiss"]
[EventCountry "IND"]
[SourceTitle "playchess.com"]
[Source "ChessBase"]
[SourceQuality "1"]
[TimeControl "40/5400+30:1800+30"]

1. e4 c5 2. Nf3 d6 3. d4 cxd4 4. Nxd4 Nf6 5. Nc3 a6 6. h3 e5 7. Nde2 h5 8. Bg5 Be6 9. Bxf6 Qxf6 10. Nd5 Qd8 11. Qd2 g6 12. g3 Nd7 13. Bg2 Nc5 14. O-O-O Bh6 15. f4 h4 16. g4 Bxd5 17. exd5 exf4 18. Nxf4 O-O 19. Kb1 Qg5 20. Rhf1 Rae8 21. Qb4 Re3 22. Rf2 Rfe8 23. Rdf1 Qe5 24. Nd3 Nxd3 25. cxd3 Re1+ 26. Rxe1 Qxe1+ 27. Qxe1 Rxe1+ 28. Kc2 Be3 29. Rf3 Re2+ 30. Kb3 Bd4 31. Bf1 Rxb2+ 32. Kc4 Bg7 33. d4 b5+ 34. Kc3 Rxa2 35. Rf4 Ra3+ 36. Kb4 Re3 37. g5 Rg3 38. Rxh4 Rxg5 39. Ka5 Rg3 40. Kxa6 b4 41. Re4 b3 42. Re8+ Kh7 43. Rb8 Bxd4 44. Kb5 b2 45. Kc6 Be5 46. Rb7 Kh6 47. Kd7 f5 48. Ke6 Kg5 49. Rb4 f4 50. Be2 Rxh3 51. Kf7 Re3 52. Bd1 f3 53. Kg8 f2 54. Rg4+ Kf5 55. Kh7 b1=Q 0-1

[Event "WYCC U16 Girls 2019"]
[Site "Mumbai"]
[Date "2019.10.02"]
[Round "1.3"]
[White "Mrudul Dehankar"]
[Black "Otrubova, Kristyna"]
[Result "1-0"]
[ECO "B77"]
[WhiteElo "2227"]
[BlackElo "1766"]
[Annotator "NA"]
[PlyCount "37"]
[EventDate "2019.10.02"]
[EventType "swiss"]
[EventCountry "IND"]
[SourceTitle "playchess.com"]
[Source "ChessBase"]
[SourceQuality "1"]
[TimeControl "40/5400+30:1800+30"]

1. e4 c5 2. Nf3 d6 3. d4 cxd4 4. Nxd4 Nf6 5. Nc3 g6 6. Be3 Bg7 7. f3 O-O 8. Bc4 Nc6 9. Qd2 Bd7 10. h4 Rc8 11. Bb3 Nxd4 12. Bxd4 Qc7 13. h5 e5 14. Be3 Rfd8 15. hxg6 hxg6 16. Bh6 Bh8 17. Bg5 Bg7 18. Bxf6 Bxf6 19. Nd5 1-0

[Event "WYCC U16 Girls 2019"]
[Site "Mumbai"]
[Date "2019.10.02"]
[Round "1.4"]
[White "Meenatchi Rajam V"]
[Black "Nurgali, Nazerke"]
[Result "0-1"]
[ECO "D59"]
[WhiteElo "1764"]
[BlackElo "2194"]
[Annotator "NA"]
[PlyCount "86"]
[EventDate "2019.10.02"]
[EventType "swiss"]
[EventCountry "IND"]
[SourceTitle "playchess.com"]
[Source "ChessBase"]
[SourceQuality "1"]
[TimeControl "40/5400+30:1800+30"]

1. Nf3 d5 2. d4 Nf6 3. c4 e6 4. Nc3 Be7 5. Bg5 h6 6. Bh4 O-O 7. e3 b6 8. cxd5 Nxd5 9. Bxe7 Qxe7 10. Nxd5 exd5 11. Rc1 Be6 12. Qa4 c5 13. Qa3 Rc8 14. Be2 Kf8 15. O-O c4 16. Qxe7+ Kxe7 17. Nd2 Nc6 18. Bf3 b5 19. b3 Rab8 20. Rfd1 Nb4 21. a3 Nd3 22. Rc3 a5 23. bxc4 dxc4 24. d5 Bd7 25. e4 Nb2 26. Rdc1 b4 27. axb4 axb4 28. Re3 c3 29. Nb3 Nc4 30. Rd3 Kd6 31. Be2 Ra8 32. Rd4 Bb5 33. f4 f6 34. Bd3 Ra3 35. e5+ fxe5 36. fxe5+ Nxe5 37. Bxb5 Rxb3 38. Ba4 Rb2 39. Bc2 Rc4 40. Rxc4 Nxc4 41. Bd3 Kxd5 42. Bxc4+ Kxc4 43. Kf1 c2 0-1

[Event "WYCC U16 Girls 2019"]
[Site "Mumbai"]
[Date "2019.10.02"]
[Round "1.5"]
[White "Bulatova, Kamaliya"]
[Black "Lei, Amy"]
[Result "1-0"]
[ECO "E54"]
[WhiteElo "2181"]
[BlackElo "1754"]
[Annotator "NA"]
[PlyCount "77"]
[EventDate "2019.10.02"]
[EventType "swiss"]
[EventCountry "IND"]
[SourceTitle "playchess.com"]
[Source "ChessBase"]
[SourceQuality "1"]
[TimeControl "40/5400+30:1800+30"]

1. d4 Nf6 2. c4 e6 3. Nc3 Bb4 4. e3 O-O 5. Bd3 d5 6. Nf3 dxc4 7. Bxc4 c5 8. O-O Nc6 9. a3 Ba5 10. Qd3 cxd4 11. exd4 h6 12. Rd1 a6 13. Ne4 Nd5 14. Bb3 f5 15. Nc3 Bxc3 16. bxc3 b5 17. a4 b4 18. c4 Nc3 19. Re1 Qf6 20. Bb2 Ne4 21. Rab1 Na5 22. Bc2 Rb8 23. d5 Qe7 24. Rxe4 b3 25. Ree1 bxc2 26. Qxc2 Bd7 27. d6 Qe8 28. Qc3 Rxb2 29. Rxb2 Nc6 30. c5 a5 31. Ne5 Nb4 32. Rxb4 axb4 33. Qxb4 Bxa4 34. Ra1 Bc6 35. Qb6 Bd5 36. c6 Qh5 37. Qd4 Qg5 38. f3 f4 39. c7 1-0

[Event "WYCC U16 Girls 2019"]
[Site "Mumbai"]
[Date "2019.10.02"]
[Round "1.6"]
[White "Eesha Ajay Sarda"]
[Black "Loskutova, Viktoriya"]
[Result "0-1"]
[ECO "B51"]
[WhiteElo "1744"]
[BlackElo "2149"]
[Annotator "NA"]
[PlyCount "112"]
[EventDate "2019.10.02"]
[EventType "swiss"]
[EventCountry "IND"]
[SourceTitle "playchess.com"]
[Source "ChessBase"]
[SourceQuality "1"]
[TimeControl "40/5400+30:1800+30"]

1. e4 c5 2. Nf3 d6 3. Bb5+ Nd7 4. O-O a6 5. Bd3 Ngf6 6. Re1 e6 7. c3 b5 8. Bc2 Bb7 9. d4 Be7 10. h3 O-O 11. Bf4 Qc7 12. Nbd2 e5 13. dxe5 dxe5 14. Bh2 Rfe8 15. Qe2 c4 16. a4 Bd6 17. Rec1 Nc5 18. Nh4 g6 19. Kh1 Bc6 20. f3 Nh5 21. g3 Bd7 22. g4 Nf4 23. Qf1 Ncd3 24. Rcb1 Be7 25. Bg3 Bg5 26. Kh2 h5 27. Ng2 Nxg2 28. Qxg2 h4 29. Be1 Nf4 30. Qf1 Rad8 31. Rd1 Bc6 32. axb5 Bxb5 33. Qf2 Nd3 34. Bxd3 Rxd3 35. Nf1 Red8 36. Qe2 Qe7 37. Kh1 Qf6 38. Kg2 Qf4 39. Rxd3 Rxd3 40. Rd1 Qf6 41. b4 Qd6 42. Ra1 Kg7 43. Ra2 Qc6 44. Ra3 Bc1 45. Ra1 Bg5 46. Ra3 Ba4 47. Nd2 Qd7 48. Ra2 Re3 49. Qf1 Bd1 50. Bf2 Be2 51. Qb1 Rd3 52. Nxc4 Bxf3+ 53. Kh2 Bf4+ 54. Kg1 Rd1+ 55. Qxd1 Qxd1+ 56. Be1 Qxe1# 0-1

[Event "WYCC U16 Girls 2019"]
[Site "Mumbai"]
[Date "2019.10.02"]
[Round "1.7"]
[White "Mahdian, Anousha"]
[Black "Maciulaityte, Barbora"]
[Result "1-0"]
[ECO "D90"]
[WhiteElo "2103"]
[BlackElo "1682"]
[Annotator "NA"]
[PlyCount "87"]
[EventDate "2019.10.02"]
[EventType "swiss"]
[EventCountry "IND"]
[SourceTitle "playchess.com"]
[Source "ChessBase"]
[SourceQuality "1"]
[TimeControl "40/5400+30:1800+30"]

1. d4 Nf6 2. c4 g6 3. Nc3 d5 4. Nf3 Bg7 5. h4 c6 6. Bg5 Be6 7. cxd5 Nxd5 8. e4 Nxc3 9. bxc3 Qa5 10. Bd2 Bg4 11. Qb3 Qb6 12. Bc4 Qxb3 13. axb3 Bxf3 14. gxf3 h5 15. f4 Nd7 16. b4 a6 17. Ra5 Nb6 18. Be2 O-O-O 19. f5 Rhg8 20. fxg6 fxg6 21. Rg1 Bf6 22. Bg5 Rdf8 23. Rg2 Kd7 24. Kd2 Kc8 25. Kd3 Rd8 26. f4 Rdf8 27. Bxf6 exf6 28. c4 Nd7 29. Ra1 g5 30. fxg5 fxg5 31. hxg5 h4 32. Rh1 Rh8 33. Rgh2 Rfg8 34. Rxh4 Rxh4 35. Rxh4 Rxg5 36. Bg4 Rg7 37. Bf5 Kc7 38. Bxd7 Kxd7 39. d5 cxd5 40. cxd5 Kd6 41. Kd4 Rg6 42. Rh7 Rg5 43. e5+ Rxe5 44. Rh6+ 1-0

[Event "WYCC U16 Girls 2019"]
[Site "Mumbai"]
[Date "2019.10.02"]
[Round "1.8"]
[White "Al Maamari, Wafia Darwish"]
[Black "Srdanovic, Jovana"]
[Result "0-1"]
[ECO "B83"]
[WhiteElo "1673"]
[BlackElo "2100"]
[Annotator "NA"]
[PlyCount "126"]
[EventDate "2019.10.02"]
[EventType "swiss"]
[EventCountry "IND"]
[SourceTitle "playchess.com"]
[Source "ChessBase"]
[SourceQuality "1"]
[TimeControl "40/5400+30:1800+30"]

1. e4 c5 2. Nf3 e6 3. d4 cxd4 4. Nxd4 Nc6 5. Nc3 d6 6. Be2 Nf6 7. Bg5 a6 8. Nxc6 bxc6 9. e5 dxe5 10. Qxd8+ Kxd8 11. O-O-O+ Kc7 12. Bf3 Nd5 13. Na4 f6 14. Bd2 a5 15. a3 Be7 16. c4 Nb6 17. Nxb6 Kxb6 18. b4 axb4 19. axb4 Ra4 20. c5+ Kc7 21. Kb2 Bb7 22. Ra1 Rha8 23. Rxa4 Rxa4 24. Bc3 Ra8 25. Bg4 Bc8 26. Ra1 Rxa1 27. Kxa1 Kd7 28. Be2 Bb7 29. Kb2 Bd8 30. Bc4 Bc7 31. Kc2 e4 32. g3 Ke7 33. Kd2 g5 34. Ke3 f5 35. Bd4 Bc8 36. b5 e5 37. Bc3 cxb5 38. Bxb5 h5 39. Be2 g4 40. Bc4 Bb7 41. Bb4 Bc6 42. Bc3 f4+ 43. Ke2 Be8 44. Bb2 Bf7 45. Bb5 Bd5 46. Bc3 Kf7 47. Ba6 Kg6 48. Bb5 Kf5 49. Bd7+ Kg5 50. Bb5 h4 51. Bd2 Be6 52. Ba6 Bd7 53. Bc4 Bc6 54. Bc3 hxg3 55. hxg3 e3 56. Be1 Bf3+ 57. Kf1 exf2 58. Bxf2 e4 59. gxf4+ Kxf4 60. Be2 g3 61. Bg1 e3 62. Bxf3 Kxf3 63. c6 e2+ 0-1

[Event "WYCC U16 Girls 2019"]
[Site "Mumbai"]
[Date "2019.10.02"]
[Round "1.9"]
[White "Ciolacu, Alessia-Mihaela"]
[Black "Ge, Eva"]
[Result "1/2-1/2"]
[ECO "D96"]
[WhiteElo "2095"]
[BlackElo "1673"]
[Annotator "NA"]
[PlyCount "107"]
[EventDate "2019.10.02"]
[EventType "swiss"]
[EventCountry "IND"]
[SourceTitle "playchess.com"]
[Source "ChessBase"]
[SourceQuality "1"]
[TimeControl "40/5400+30:1800+30"]

1. d4 d5 2. Nf3 Nf6 3. c4 c6 4. Nc3 g6 5. Bg5 Ne4 6. cxd5 Nxg5 7. Nxg5 e6 8. Nf3 cxd5 9. e3 Bg7 10. Rc1 Nc6 11. Bb5 Bd7 12. Bxc6 Bxc6 13. O-O Qd6 14. Qb3 O-O 15. Ne2 f6 16. Rc3 a5 17. Rfc1 a4 18. Qc2 Rac8 19. Rc5 Bd7 20. h3 Rxc5 21. Qxc5 Qxc5 22. Rxc5 Rc8 23. Rxc8+ Bxc8 24. Nc3 Bd7 25. Ne1 Kf7 26. Nd3 b6 27. Kf1 Ke7 28. Ke2 Kd6 29. Nb4 Bf8 30. Kd2 Kc7 31. Nd3 b5 32. a3 Bc6 33. Na2 Kd6 34. Nab4 Bd7 35. Kc3 e5 36. Nc5 Be8 37. f3 Bf7 38. Nbd3 Bg7 39. Kb4 Kc6 40. Kc3 Bf8 41. Nb4+ Kd6 42. Nba6 Bh6 43. Nb7+ Ke7 44. Kd3 Be8 45. Nc7 Bc6 46. Na5 e4+ 47. Ke2 Kd6 48. Nxc6 Kxc6 49. Ne6 f5 50. f4 Kd6 51. Nd8 Bf8 52. g4 Be7 53. Nf7+ Ke6 54. Ne5 1/2-1/2

[Event "WYCC U16 Girls 2019"]
[Site "Mumbai"]
[Date "2019.10.02"]
[Round "1.10"]
[White "Arushi Kotwal"]
[Black "Zhang, Xiao"]
[Result "1/2-1/2"]
[ECO "A46"]
[WhiteElo "1657"]
[BlackElo "2053"]
[Annotator "NA"]
[PlyCount "72"]
[EventDate "2019.10.02"]
[EventType "swiss"]
[EventCountry "IND"]
[SourceTitle "playchess.com"]
[Source "ChessBase"]
[SourceQuality "1"]
[TimeControl "40/5400+30:1800+30"]

1. d4 Nf6 2. Nf3 e6 3. c4 d5 4. g3 dxc4 5. Qa4+ Nbd7 6. Bg2 a6 7. Qxc4 b5 8. Qc6 Nd5 9. Bg5 Be7 10. Bxe7 Qxe7 11. O-O Bb7 12. Qc2 O-O 13. Nc3 Nxc3 14. Qxc3 c5 15. dxc5 Nxc5 16. Qb4 Rfc8 17. Rac1 Bd5 18. a3 Bxf3 19. Bxf3 Qg5 20. h4 Qe5 21. Rfd1 g6 22. b3 a5 23. Qxa5 Nxb3 24. Rxc8+ Rxc8 25. Qb4 Nc1 26. Qd2 Qc5 27. Qb2 Qc4 28. Rd4 Qc3 29. Qxc3 Rxc3 30. a4 bxa4 31. Rxa4 Kg7 32. Ra3 Nb3 33. Kg2 Nd4 34. Ra4 Nf5 35. Be4 Nd6 36. Bd3 Kf6 1/2-1/2

[Event "WYCC U16 Girls 2019"]
[Site "Mumbai"]
[Date "2019.10.02"]
[Round "1.12"]
[White "Divyabharathi Masanam"]
[Black "Hajiyeva, Laman"]
[Result "1/2-1/2"]
[ECO "C01"]
[WhiteElo "1636"]
[BlackElo "2038"]
[Annotator "NA"]
[PlyCount "94"]
[EventDate "2019.10.02"]
[EventType "swiss"]
[EventCountry "IND"]
[SourceTitle "playchess.com"]
[Source "ChessBase"]
[SourceQuality "1"]
[TimeControl "40/5400+30:1800+30"]

1. e4 e6 2. d4 d5 3. exd5 exd5 4. Nf3 Nf6 5. Bd3 c5 6. dxc5 Bxc5 7. O-O O-O 8. c3 Nc6 9. Nbd2 Re8 10. Nb3 Bb6 11. h3 Ne4 12. Bc2 h6 13. Nbd4 Qf6 14. Bb3 Be6 15. Be3 Rad8 16. Nxe6 fxe6 17. Bxb6 axb6 18. Qe2 Kh8 19. Rad1 Nc5 20. Qb5 Ne7 21. Qxb6 Nxb3 22. axb3 Ng6 23. Rfe1 Nf4 24. Qe3 Rf8 25. Ne5 Kh7 26. Nd3 Nxd3 27. Qxd3+ Kh8 28. Qd4 Qg6 29. Re3 Rf6 30. Qd3 Qf7 31. f3 Qc7 32. Qd4 Rg6 33. Re5 Rf8 34. Rf1 Qa5 35. b4 Qa2 36. Qd3 Rff6 37. Qe2 Qa4 38. Re1 Qc6 39. Qd3 Qc7 40. Qe3 Qf7 41. Kf2 Qd7 42. Qd3 Qa4 43. g4 Qa2 44. R1e2 Qa4 45. Kg2 Qc6 46. b5 Qc5 47. b3 Qa3 1/2-1/2

[Event "WYCC U16 Girls 2019"]
[Site "Mumbai"]
[Date "2019.10.03"]
[Round "2.1"]
[White "Golsta, Madara"]
[Black "Garifullina, Leya"]
[Result "0-1"]
[ECO "B92"]
[WhiteElo "1987"]
[BlackElo "2330"]
[Annotator "NA"]
[PlyCount "80"]
[EventDate "2019.10.02"]
[EventType "swiss"]
[EventCountry "IND"]
[SourceTitle "playchess.com"]
[Source "ChessBase"]
[SourceQuality "1"]
[TimeControl "40/5400+30:1800+30"]

1. e4 c5 2. Nf3 d6 3. d4 cxd4 4. Nxd4 Nf6 5. Nc3 a6 6. Be2 e5 7. Nf3 Be7 8. Bg5 Nbd7 9. a4 h6 10. Be3 Qa5 11. Nd2 Qc7 12. Nc4 Nc5 13. a5 Be6 14. Nb6 Rd8 15. Bf3 Qc6 16. O-O O-O 17. Re1 Rfe8 18. Ra3 Ncxe4 19. Nxe4 Nxe4 20. Bxe4 Qxe4 21. Bxh6 Qh7 22. Bc1 d5 23. Ra4 Bf6 24. Rb4 d4 25. Qe2 Qg6 26. Qe4 Bf5 27. Qxb7 e4 28. Nd5 e3 29. Nxf6+ Qxf6 30. f3 Bxc2 31. Rb6 Qf5 32. Qc7 Ba4 33. Rxa6 Rc8 34. Qd6 Rxc1 35. Rxc1 d3 36. Qd4 d2 37. Ra1 d1=R+ 38. Rxd1 Bxd1 39. Qxd1 e2 40. Qe1 Qc5+ 0-1

[Event "WYCC U16 Girls 2019"]
[Site "Mumbai"]
[Date "2019.10.03"]
[Round "2.2"]
[White "Beydullayeva, Govhar"]
[Black "Demchenko, Svitlana"]
[Result "1/2-1/2"]
[ECO "E68"]
[WhiteElo "2289"]
[BlackElo "1953"]
[Annotator "ChessBase"]
[PlyCount "133"]
[EventDate "2019.10.02"]
[EventType "swiss"]
[EventCountry "IND"]
[SourceTitle "playchess.com"]
[Source "ChessBase"]
[SourceQuality "1"]
[TimeControl "40/5400+30:1800+30"]

1. d4 Nf6 2. c4 g6 3. Nf3 Bg7 4. g3 d6 5. Nc3 O-O 6. Bg2 Nbd7 7. O-O e5 8. e4 exd4 9. Nxd4 Re8 10. h3 Nc5 11. Re1 Bd7 12. f3 Qc8 13. Kh2 h5 14. Be3 h4 15. g4 Nh7 16. Qd2 c6 17. Rad1 f5 18. exf5 gxf5 19. g5 Nf8 20. Nde2 Qc7 21. Kh1 Be6 22. b3 Rad8 23. Nf4 Bf7 24. Bd4 Be5 25. g6 Bxg6 26. Nxg6 Nxg6 27. Qg5 Kg7 28. Bxe5+ dxe5 29. Qxf5 Qf7 30. Qc2 Ne6 31. Ne4 Nd4 32. Qf2 Qf4 33. Rg1 b6 34. c5 Rf8 35. Qd2 Qxd2 36. Rxd2 Rf4 37. Ng5 Kh6 38. Bf1 Ne6 39. Rdg2 Nxg5 40. Rxg5 Rf6 41. cxb6 axb6 42. a4 Rdd6 43. Be2 c5 44. Bd1 Rd2 45. f4 exf4 46. Bf3 Rd4 47. Rh5+ Kg7 48. Rhg5 Re6 49. Bh5 Rdd6 50. Kh2 Kh6 51. Bxg6 Rxg6 52. R5g4 Rd2+ 53. Kh1 Rxg4 54. Rxg4 f3 55. Rxh4+ Kg5 56. Rg4+ Kf5 57. Kg1 Rb2 58. Rc4 Rxb3 59. a5 bxa5 60. Rxc5+ Kf4 61. Rxa5 Rb1+ 62. Kf2 Rb2+ 63. Kf1 Rb1+ 64. Kf2 Rb2+ 65. Kf1 Kg3 66. Rg5+ Kxh3 67. Rg8 1/2-1/2

[Event "WYCC U16 Girls 2019"]
[Site "Mumbai"]
[Date "2019.10.03"]
[Round "2.3"]
[White "Savitha Shri B"]
[Black "Mrudul Dehankar"]
[Result "1/2-1/2"]
[ECO "A05"]
[WhiteElo "1916"]
[BlackElo "2227"]
[Annotator "NA"]
[PlyCount "162"]
[EventDate "2019.10.02"]
[EventType "swiss"]
[EventCountry "IND"]
[SourceTitle "playchess.com"]
[Source "ChessBase"]
[SourceQuality "1"]
[TimeControl "40/5400+30:1800+30"]

1. Nf3 Nf6 2. g3 b5 3. Bg2 Bb7 4. O-O e6 5. d3 Be7 6. e4 d6 7. Nd4 a6 8. Nb3 c6 9. a4 Nbd7 10. Nc3 O-O 11. d4 Qc7 12. Bf4 e5 13. Bg5 b4 14. Ne2 c5 15. d5 Nxd5 16. Bxe7 Nxe7 17. c4 Nc6 18. Qd3 Nd4 19. Nd2 f5 20. exf5 Bxg2 21. Kxg2 Qb7+ 22. f3 e4 23. Nxe4 Ne5 24. Qd1 Nexf3 25. Nxd4 Nxd4 26. Qd3 Rae8 27. Rae1 Re5 28. g4 Rfe8 29. Rf4 b3 30. Kf2 Rf8 31. Nxc5 Qb4 32. Ne4 Ne6 33. Rf3 Nc5 34. Qd4 Rfe8 35. Rfe3 Nxe4+ 36. Rxe4 Rxe4 37. Rxe4 Rxe4 38. Qxe4 Qd2+ 39. Qe2 Qd4+ 40. Kg2 Kf8 41. Kf3 g6 42. fxg6 hxg6 43. Kg3 Kg7 44. g5 Qg1+ 45. Kh4 Qd4+ 46. Kh3 Kg8 47. Qe8+ Kg7 48. Qe7+ Kg8 49. Qe6+ Kg7 50. Qd7+ Kf8 51. Qc8+ Ke7 52. Qb7+ Ke8 53. Qxb3 Qf4 54. Qb8+ Kd7 55. Qb7+ Kd8 56. Qa8+ Kc7 57. Qa7+ Kd8 58. Qb6+ Ke8 59. Qc6+ Kd8 60. Qb6+ Ke8 61. Qg1 Qxc4 62. Qe3+ Kf7 63. b3 Qd5 64. Kg3 Kg7 65. Qc3+ Kh7 66. Qe3 a5 67. h4 Kg7 68. Qc3+ Kh7 69. Qf3 Qe5+ 70. Kg2 Qe7 71. Kf2 Qa7+ 72. Qe3 Qf7+ 73. Kg3 Qc7 74. Qf4 Qc3+ 75. Qf3 Qe5+ 76. Kg2 Kg7 77. Qb7+ Kg8 78. Qc8+ Kg7 79. Qb7+ Kg8 80. Qf3 Kg7 81. Qb7+ Kg8 1/2-1/2

[Event "WYCC U16 Girls 2019"]
[Site "Mumbai"]
[Date "2019.10.03"]
[Round "2.4"]
[White "Nurgali, Nazerke"]
[Black "Maione, Melissa"]
[Result "1-0"]
[ECO "A56"]
[WhiteElo "2194"]
[BlackElo "1912"]
[Annotator "NA"]
[PlyCount "61"]
[EventDate "2019.10.02"]
[EventType "swiss"]
[EventCountry "IND"]
[SourceTitle "playchess.com"]
[Source "ChessBase"]
[SourceQuality "1"]
[TimeControl "40/5400+30:1800+30"]

1. d4 Nf6 2. c4 c5 3. d5 g6 4. Nc3 Bg7 5. e4 O-O 6. Nf3 e6 7. Bd3 exd5 8. cxd5 d6 9. h3 Nh5 10. O-O Nd7 11. Bg5 Bf6 12. Bh6 Re8 13. Re1 Ne5 14. Be2 Nxf3+ 15. Bxf3 Ng7 16. Qd2 Be5 17. Be2 f5 18. Bd3 a6 19. a4 Qf6 20. f4 Bd4+ 21. Kh2 Nh5 22. Bg5 Qg7 23. exf5 Bxf5 24. Bxf5 gxf5 25. Rxe8+ Rxe8 26. Re1 Qg6 27. Rxe8+ Qxe8 28. Ne2 Bg7 29. g4 fxg4 30. hxg4 h6 31. Bh4 1-0

[Event "WYCC U16 Girls 2019"]
[Site "Mumbai"]
[Date "2019.10.03"]
[Round "2.5"]
[White "Jarocka, Liwia"]
[Black "Bulatova, Kamaliya"]
[Result "1/2-1/2"]
[ECO "C06"]
[WhiteElo "1899"]
[BlackElo "2181"]
[Annotator "NA"]
[PlyCount "51"]
[EventDate "2019.10.02"]
[EventType "swiss"]
[EventCountry "IND"]
[SourceTitle "playchess.com"]
[Source "ChessBase"]
[SourceQuality "1"]
[TimeControl "40/5400+30:1800+30"]

1. e4 e6 2. d4 d5 3. Nd2 Nf6 4. e5 Nfd7 5. Bd3 c5 6. c3 Nc6 7. Ne2 cxd4 8. cxd4 f6 9. exf6 Nxf6 10. O-O Bd6 11. Nf3 Qc7 12. Bg5 O-O 13. Bh4 Nh5 14. Qc2 h6 15. Bh7+ Kh8 16. Bg6 Rxf3 17. Bxh5 Rf8 18. Bg3 Bd7 19. Rad1 Rac8 20. Nc3 Ne7 21. Bg4 Nf5 22. Bxd6 Qxd6 23. Qe2 a6 24. Rfe1 b5 25. Qe5 Qb6 26. Ne2 1/2-1/2

[Event "WYCC U16 Girls 2019"]
[Site "Mumbai"]
[Date "2019.10.03"]
[Round "2.6"]
[White "Loskutova, Viktoriya"]
[Black "Lakshmi C"]
[Result "0-1"]
[ECO "B33"]
[WhiteElo "2149"]
[BlackElo "1859"]
[Annotator "NA"]
[PlyCount "80"]
[EventDate "2019.10.02"]
[EventType "swiss"]
[EventCountry "IND"]
[SourceTitle "playchess.com"]
[Source "ChessBase"]
[SourceQuality "1"]
[TimeControl "40/5400+30:1800+30"]

1. e4 c5 2. Nf3 Nc6 3. d4 cxd4 4. Nxd4 Nf6 5. Nc3 e5 6. Ndb5 d6 7. Bg5 a6 8. Na3 b5 9. Bxf6 gxf6 10. Nd5 Bg7 11. Bd3 Ne7 12. Nxe7 Qxe7 13. Qf3 d5 14. O-O f5 15. Qg3 O-O 16. f3 b4 17. Nb1 Kh8 18. Nd2 Bh6 19. Qf2 fxe4 20. fxe4 f5 21. exd5 e4 22. Bc4 Bxd2 23. Qd4+ Rf6 24. Qxd2 Qc5+ 25. Kh1 Qxc4 26. Qg5 Qd4 27. Rad1 Qe5 28. a3 bxa3 29. bxa3 Bd7 30. c4 Rg8 31. Qh4 Rg4 32. Qh3 Kg7 33. Qe3 Rh6 34. h3 f4 35. Qa7 Qf5 36. Qd4+ Kf7 37. Rf2 Rxg2 38. Rxg2 Qxh3+ 39. Kg1 Qh1+ 40. Kf2 e3+ 0-1

[Event "WYCC U16 Girls 2019"]
[Site "Mumbai"]
[Date "2019.10.03"]
[Round "2.7"]
[White "Bristy Mukherjee"]
[Black "Mahdian, Anousha"]
[Result "1/2-1/2"]
[ECO "D98"]
[WhiteElo "1852"]
[BlackElo "2103"]
[Annotator "NA"]
[PlyCount "44"]
[EventDate "2019.10.02"]
[EventType "swiss"]
[EventCountry "IND"]
[SourceTitle "playchess.com"]
[Source "ChessBase"]
[SourceQuality "1"]
[TimeControl "40/5400+30:1800+30"]

1. d4 Nf6 2. c4 g6 3. Nc3 d5 4. Nf3 Bg7 5. Qb3 dxc4 6. Qxc4 O-O 7. e4 Bg4 8. Be3 Nfd7 9. Nd2 Nb6 10. Qd3 Nc6 11. Nb3 a5 12. f3 a4 13. Nc5 Bc8 14. Rd1 e6 15. Qd2 Qe7 16. e5 Rd8 17. Qf2 Nd5 18. Nxd5 exd5 19. Bb5 Na5 20. Nxa4 Qb4+ 21. Nc3 c6 22. Bd3 c5 1/2-1/2

[Event "WYCC U16 Girls 2019"]
[Site "Mumbai"]
[Date "2019.10.03"]
[Round "2.8"]
[White "Srdanovic, Jovana"]
[Black "Tomcikova, Dominika"]
[Result "1-0"]
[ECO "A96"]
[WhiteElo "2100"]
[BlackElo "1845"]
[Annotator "NA"]
[PlyCount "34"]
[EventDate "2019.10.02"]
[EventType "swiss"]
[EventCountry "IND"]
[SourceTitle "playchess.com"]
[Source "ChessBase"]
[SourceQuality "1"]
[TimeControl "40/5400+30:1800+30"]

1. d4 e6 2. Nf3 f5 3. g3 Nf6 4. Bg2 Be7 5. O-O O-O 6. c4 d6 7. Nc3 Ne4 8. Qc2 Nxc3 9. bxc3 Nc6 10. Rd1 Na5 11. Qa4 b6 12. Ne5 Rb8 13. Nc6 Bd7 14. d5 Bxc6 15. dxc6 Bf6 16. Rd3 Qe8 17. Ba3 Be7 1-0

[Event "WYCC U16 Girls 2019"]
[Site "Mumbai"]
[Date "2019.10.03"]
[Round "2.9"]
[White "Tang, En Xin Esther"]
[Black "Salonika, Saina"]
[Result "0-1"]
[ECO "B54"]
[WhiteElo "1832"]
[BlackElo "2051"]
[Annotator "NA"]
[PlyCount "91"]
[EventDate "2019.10.02"]
[EventType "swiss"]
[EventCountry "IND"]
[SourceTitle "playchess.com"]
[Source "ChessBase"]
[SourceQuality "1"]
[TimeControl "40/5400+30:1800+30"]

1. e4 c5 2. Nf3 d6 3. d4 cxd4 4. Nxd4 Nf6 5. Bd3 g6 6. c4 Bg7 7. Nc3 Nc6 8. Nc2 O-O 9. O-O Ne5 10. Be2 Bd7 11. Be3 Rc8 12. Na3 Be6 13. b3 Qa5 14. Nab1 Nc6 15. Bd2 Qe5 16. f3 Nd7 17. Bc1 Qd4+ 18. Kh1 Nc5 19. Bb2 Nb4 20. Qxd4 Bxd4 21. Rd1 Nc2 22. b4 Nd7 23. a3 Bxc3 24. Nxc3 Nxa1 25. Bxa1 Bxc4 26. Bxc4 Rxc4 27. Kg1 Nb6 28. Kf2 Ra8 29. Ke3 a5 30. Kd3 axb4 31. axb4 Rxb4 32. Kc2 Kf8 33. Bb2 Na4 34. Nxa4 Rbxa4 35. Kb3 R4a6 36. Rd2 Rb6+ 37. Kc3 Ra2 38. g3 Ke8 39. f4 Kd7 40. e5 Rbxb2 41. Rxb2 Rxb2 42. Kxb2 dxe5 43. fxe5 Ke6 44. Kc3 Kxe5 45. Kd3 b5 46. Kc3 0-1

[Event "WYCC U16 Girls 2019"]
[Site "Mumbai"]
[Date "2019.10.03"]
[Round "2.10"]
[White "Zhang, Cindy"]
[Black "Jain Nityata"]
[Result "1/2-1/2"]
[ECO "B54"]
[WhiteElo "1808"]
[BlackElo "2029"]
[Annotator "NA"]
[PlyCount "38"]
[EventDate "2019.10.02"]
[EventType "swiss"]
[EventCountry "IND"]
[SourceTitle "playchess.com"]
[Source "ChessBase"]
[SourceQuality "1"]
[TimeControl "40/5400+30:1800+30"]

1. e4 c5 2. Nf3 d6 3. d4 cxd4 4. Nxd4 Nf6 5. Bd3 g6 6. c4 Bg7 7. Nc3 Nc6 8. Nc2 O-O 9. O-O Ne5 10. Be2 Bd7 11. Be3 Rc8 12. Na3 Be6 13. b3 Qa5 14. Nab1 Nc6 15. Bd2 Qe5 16. f3 Nd7 17. Bc1 Qd4+ 18. Kh1 Nc5 19. Bb2 Nb4 1/2-1/2

[Event "WYCC U16 Girls 2019"]
[Site "Mumbai"]
[Date "2019.10.03"]
[Round "3.2"]
[White "Juhasz, Judit"]
[Black "Nurgali, Nazerke"]
[Result "0-1"]
[ECO "B12"]
[WhiteElo "2004"]
[BlackElo "2194"]
[Annotator "NA"]
[PlyCount "104"]
[EventDate "2019.10.02"]
[EventType "swiss"]
[EventCountry "IND"]
[SourceTitle "playchess.com"]
[Source "ChessBase"]
[SourceQuality "1"]
[WhiteTeam "Hungary"]
[BlackTeam "Kazakhstan"]
[WhiteTeamCountry "HUN"]
[BlackTeamCountry "KAZ"]
[TimeControl "40/5400+30:1800+30"]

1. e4 c6 2. d4 d5 3. e5 Bf5 4. h4 h5 5. Bd3 Bxd3 6. Qxd3 e6 7. Bg5 Be7 8. Nf3 Qa5+ 9. Nbd2 Qa6 10. c4 Nd7 11. O-O Bxg5 12. hxg5 g6 13. Nh4 Ne7 14. Rfc1 O-O 15. b4 dxc4 16. Nxc4 Nb6 17. Qb3 Nxc4 18. Rxc4 Rad8 19. Rd1 Rd7 20. Rc2 Rfd8 21. Rcd2 Qb6 22. Qc4 Qb5 23. Qb3 Nd5 24. Rb2 Nb6 25. Nf3 Qd5 26. Qd3 Nc4 27. Re2 Qb5 28. Rc1 Nd6 29. Qd2 Nc4 30. Qd3 Nb6 31. Qd2 Nd5 32. a3 Qa6 33. Qb2 Nb6 34. Rec2 Qd3 35. Rc3 Qf5 36. Qd2 Nd5 37. Rb3 Nf4 38. g3 Rxd4 39. Nxd4 Rxd4 40. Qc2 Qxg5 41. Re1 Rd2 42. Qc4 Nh3+ 43. Kg2 Nxf2 44. Re2 Ng4 45. Qe4 Rxe2+ 46. Qxe2 Qxe5 47. Qxe5 Nxe5 48. Re3 f6 49. a4 Kf7 50. b5 Ke7 51. bxc6 Nxc6 52. Rd3 e5 0-1